 Dungeon Crawl Stone Soup version 0.23.1 (webtiles) character file.

Game seed: 0

36333 Gunterle the Destroyer (level 13, -29/102 HPs)
             Began as a Grey Draconian Conjurer on Mar 15, 2019.
             Was an Elder of Vehumet.
             Killed from afar by a lindwurm (33 damage)
             ... with a blast of flame
             ... summoned by Kirke
             ... on level 3 of the Lair of Beasts on Mar 16, 2019.
             The game lasted 02:27:54 (25520 turns).

Gunterle the Destroyer (Grey Draconian Conjurer)   Turns: 25520, Time: 02:27:55

Health: -29/102    AC:  0    Str: 11    XL:     13   Next: 52%
Magic:  17/26      EV: 16    Int: 21    God:    Vehumet [****..]
Gold:   1201       SH:  0    Dex: 11    Spells: 4/30 levels left

rFire    . . .     SeeInvis .   (weapon currently unavailable)
rCold    . . .     Gourm    .   (shield currently unavailable)
rNeg     . . .     Faith    .   (armour unavailable)
rPois    .         Spirit   .   (helmet currently unavailable)
rElec    .         Reflect  .   (cloak currently unavailable)
rCorr    .         Harm     .   (gloves currently unavailable)
MR       .....                  (boots currently unavailable)
Stlth    ++........             (no amulet)
HPRegen  0.27/turn              (ring currently unavailable)
MPRegen  0.20/turn              (ring currently unavailable)

@: pig-form, slowed
A: small, (walk through water), unfitting armour, AC +13
a: Renounce Religion


You were on level 3 of the Lair of Beasts.
You worshipped Vehumet.
Vehumet was greatly pleased with you.
You were very hungry.
You were a filthy swine.
You visited 4 branches of the dungeon, and saw 18 of its levels.

You collected 1201 gold pieces.

Inventory:

Hand Weapons
 A - a +7 whip of electrocution (melded)
 I - a +4 spear
Missiles
 H - 8 tomahawks
 R - 2 steel tomahawks (quivered)
Armour
 f - a cursed +0 pair of boots (melded)
 i - a +0 cloak (melded)
 W - a +0 pair of gloves (melded)
Magical Staves
 O - an uncursed staff of cold
 U - an uncursed staff of earth
Jewellery
 a - a ring of wizardry (melded)
 h - an uncursed ring of protection from cold
 j - an uncursed ring of protection from fire
 s - a +3 ring of protection (melded)
 y - an uncursed ring of protection from cold
Wands
 q - a wand of polymorph (6)
 r - a wand of enslavement (2)
 u - a wand of acid (6)
 B - a wand of random effects (31)
 C - a wand of iceblast (26)
 L - a wand of paralysis (4)
 Q - a wand of digging (12)
Scrolls
 k - 5 scrolls of magic mapping
 m - 14 scrolls of remove curse
 o - a scroll of enchant armour {unknown}
 p - a scroll of fear
 v - 4 scrolls of teleportation
 w - a scroll of random uselessness
 x - a scroll of silence {unknown}
 E - a scroll of immolation {unknown}
 F - 3 scrolls of fog
 K - 2 scrolls of noise
 M - a scroll of amnesia
 N - a scroll of blinking {unknown}
 T - 2 scrolls of holy word {unknown}
Potions
 c - 3 potions of curing
 d - 2 potions of berserk rage
 e - 2 potions of brilliance
 g - a potion of degeneration
 l - 2 potions of mutation
 n - 3 potions of flight
 t - 2 potions of haste
 z - 2 potions of cancellation
 D - a potion of heal wounds {unknown}
 G - a potion of agility
 J - a potion of resistance {unknown}
 P - 5 potions of might
 S - 2 potions of lignification
 X - a potion of ambrosia {unknown}
Comestibles
 b - 27 rations


   Skills:
 + Level 6.1 Fighting
 + Level 9.0 Maces & Flails
 + Level 4.4 Dodging
 - Level 1.7 Stealth
 * Level 9.4 Spellcasting
 * Level 13.9 Conjurations
 - Level 2.8 Hexes
 - Level 7.4 Translocations
 * Level 6.1 Fire Magic
 + Level 5.5 Evocations


You had 4 spell levels left.
You knew the following spells:

 Your Spells              Type           Power        Failure   Level  Hunger
a - Magic Dart            Conj           ####         0%          1    None
b - Searing Ray           Conj           ######       1%          2    None
c - Dazzling Spray        Conj/Hex       #####.       1%          3    None
d - Iskenderun's Mystic   Conj           ######..     1%          4    ##.....
e - Force Lance           Conj/Tloc      ######..     1%          4    ##.....
f - Blink                 Tloc           N/A          1%          2    None
g - Conjure Flame         Conj/Fire      ######..     1%          3    None
h - Apportation           Tloc           #####.       1%          1    None
i - Bolt of Fire          Conj/Fire      ######....   4%          6    ######.

Your spell library contained the following spells:

 Spells                   Type           Power        Failure   Level  Hunger
 Inner Flame              Hex/Fire       ####....     1%          3    None
 Shock                    Conj/Air       ####         1%          1    None
 Lesser Beckoning         Tloc           #####.....   1%          3    None
 Mephitic Cloud           Conj/Pois/Air  ####....     1%          3    None
 Static Discharge         Conj/Air       #####...     1%          3    None
 Fulminant Prism          Conj/Hex       #####.....   1%          4    ##.....
 Shroud of Golubria       Chrm/Tloc      ####......   2%          2    None
 Ignite Poison            Fire/Tmut/Pois ###.....     2%          3    None
 Slow                     Hex            ###.....     3%          2    None
 Tukima's Dance           Hex            ###.....     6%          3    None
 Animate Skeleton         Necr           N/A          7%          1    None
 Infusion                 Chrm           #...         7%          1    None
 Pain                     Necr           #...         7%          1    None
 Summon Butterflies       Summ           #.......     7%          1    None
 Call Imp                 Summ           #.......     11%         2    None
 Song of Slaying          Chrm           #.......     11%         2    None
 Swiftness                Chrm/Air       #.......     11%         2    None
 Spectral Weapon          Hex/Chrm       ###.....     12%         3    None
 Airstrike                Air            #.........   17%         4    ##.....
 Call Canine Familiar     Summ           #.......     21%         3    None
 Regeneration             Chrm/Necr      #.........   21%         3    None
 Vampiric Draining        Necr           #.........   21%         3    None
 Animate Dead             Necr           N/A          56%         4    ##.....
 Summon Ice Beast         Ice/Summ       #.......     56%         4    ##.....
 Fireball                 Conj/Fire      ######....   1%          5    #####..
 Lightning Bolt           Conj/Air       #####.....   3%          5    #####..
 Summon Mana Viper        Hex/Summ       ###.....     71%         5    #####..
 Alistair's Intoxication  Tmut/Pois      #.......     88%         5    #####..
 Invisibility             Hex            ###.....     97%         6    ######.
 Ring of Flames           Chrm/Fire      ###.......   100%        7    #######
 Summon Hydra             Summ           #.........   100%        7    #######
 Ignition                 Fire           #####.....   100%        8    #######


Dungeon Overview and Level Annotations

Branches:
Dungeon (11/15)            Temple (1/1) D:7            Lair (5/6) D:8
  Swamp (0/4) Lair:4        Snake (0/4) Lair:4        Slime (0/5) Lair:5
    Orc (1/2) D:10

Altars:
Ashenzari
Cheibriados
Dithmenos
Elyvilon
Fedhas
Gozag
Hepliaklqana
Kikubaaqudgha
Makhleb
Nemelex Xobeh
Okawaru
Qazlal
Ru
Sif Muna
Trog
Uskayaw
Vehumet
Wu Jian
Xom
Yredelemnul
Zin
The Shining One

Shops:
D:9 (

Annotations:
D:2 Sigmund
D:6 3 runed translucent doors, spacedv's ghost, novice DESk
Lair:3 Kirke


Innate Abilities, Weirdness & Mutations

((You can walk through water.))
((Your dull iron-grey scales are very hard. (AC +13)))
You cannot fit into any form of body armour.
((You can survive without breathing.))
((You are cold-blooded and may be slowed by cold attacks.))


Message History

Kirke gestures wildly while chanting.
Kirke summons a lindwurm!
There is a stone staircase leading up here.
You start resting.
Kirke is too close now for your liking.
Unknown command.
Kirke gestures at you while chanting.
You feel a momentary urge to oink.
You climb upwards.
Reactivating autopickup.
There is a stone staircase leading down here.
You climb downwards.
Level annotation: Kirke Kirke hits you!
* * * LOW HITPOINT WARNING * * *
Kirke hits you!
* * * LOW HITPOINT WARNING * * *
The lindwurm breathes flames at you. The blast of flame hits you!!
You die...

.........k@.# ###..#.####
..≈≈≈§≈≈≈≈..# #........#.
..≈≈#≈#≈≈§.## ##......##P
..≈≈≈##≈§§.# ##..##÷...
..≈≈≈#§§§≈.# ### ###..##....
..≈≈≈§§§≈≈§# ##.# ####....#.....
...........####..###..#..P###.#..
#....P##.##k..>..............#...
.....#######....h................
......# #P..@.................
...#.## #P....................
...##.#######.................###
#........................)....# #
#P...........................##
##...#######.................#
##### ######.#.#.##.#####
##########


You could see Kirke and a lindwurm.

Vanquished Creatures
  5 hydras
  A catoblepas (Lair:3)
  3 two-headed ogres
  A tengu warrior (D:8)
  Pikel (D:6)
  An orc sorcerer (D:10)
  An ugly thing (D:11)
  A manticore (D:11)
  Joseph (D:7)
  6 elephants
  5 black mambas
  An eye of devastation (Lair:5)
  9 spiny frogs
  A rime drake (Lair:1)
  A tengu conjurer (D:8)
  4 komodo dragons
  4 trolls
  5 tyrant leeches (Lair:4)
  2 hornets
  A merfolk (D:10)
  Grinder (D:3)
  A dream sheep (Lair:2)
  3 hippogriffs
  A vampire (D:11)
  4 spriggans (Lair:2)
  2 wraiths (D:9)
  30 yaks
  6 hogs
  Menkaure (D:5)
  2 swamp worms (Lair:4)
  A warg (Orc:1)
  An acid dragon (D:11)
  7 nagas (Lair:4)
  4 water moccasins
  6 porcupines
  7 ice beasts
  A sky beast (D:10)
  6 orc warriors
  3 slaves
  8 ogres
  An eye of draining (Lair:5)
  2 necrophages
  18 wolves
  6 centaurs
  2 phantoms
  7 crocodiles
  A big kobold (D:11)
  17 bullfrogs
  3 scorpions
  3 wights (D:11)
  2 howler monkeys (D:8)
  3 electric eels
  5 crimson imps
  2 bullfrog zombies
  A centaur zombie (D:11)
  2 quasits
  10 hounds
  4 orc priests
  Crazy Yiuf (D:7)
  2 iguanas
  A bullfrog skeleton (D:5)
  6 worker ants
  6 orc wizards
  A hound skeleton (D:4)
  Robin (D:2)
  8 gnolls
  A worker ant zombie (D:7)
  13 adders
  6 shadow imps
  2 adder zombies
  3 worms
  10 dart slugs
  2 leopard geckos
  24 orcs
  2 ball pythons
  4 giant cockroaches
  15 goblins
  5 hobgoblins
  19 jackals
  2 quokkas
  5 bats
  5 frilled lizards
  15 kobolds
  A leopard gecko zombie (D:5)
  A quokka skeleton (D:4)
  A quokka zombie (D:8)
  4 rats
  A butterfly (Lair:2)
  2 fungi (D:7)
407 creatures vanquished.

Vanquished Creatures (others)
  2 bushes
  A fire vortex (Lair:3)
  11 fungi
  14 plants
28 creatures vanquished.

Grand Total: 435 creatures vanquished

Notes
Turn   | Place    | Note
-------+----------+-------------------------------------------
     0 | D:1      | Gunterle the Draconian Conjurer began the quest for the
                  | Orb.
     0 | D:1      | Reached XP level 1. HP: 14/14 MP: 3/3
   346 | D:1      | Reached XP level 2. HP: 14/20 MP: 0/5
   353 | D:1      | Learned a level 2 spell: Searing Ray
   897 | D:1      | Reached skill level 5 in Conjurations
   897 | D:1      | Reached XP level 3. HP: 26/26 MP: 1/6
  1048 | D:1      | Learned a level 3 spell: Dazzling Spray
  1910 | D:2      | Reached XP level 4. HP: 33/33 MP: 3/7
  2035 | D:2      | Noticed an ice beast
  2129 | D:2      | Reached skill level 1 in Hexes
  2146 | D:2      | Found an ornate altar of the Wu Jian Council.
  2169 | D:2      | Found a basalt altar of Yredelemnul.
  2173 | D:2      | Found a shimmering altar of Xom.
  2176 | D:2      | Found a sacrificial altar of Ru.
  2574 | D:2      | Noticed Sigmund
  2619 | D:1      | Killed an ice beast
  2619 | D:1      | Reached XP level 5. HP: 22/38 MP: 1/9
  2813 | D:3      | Reached skill level 6 in Conjurations
  2983 | D:3      | Noticed Grinder
  3030 | D:3      | Killed Grinder
  3030 | D:3      | Reached XP level 6. HP: 43/45 MP: 0/11
  3250 | D:3      | Learned a level 4 spell: Iskenderun's Mystic Blast
  3422 | D:3      | Your scales start taking on a dull iron-grey colour.
  3422 | D:3      | Reached XP level 7. HP: 48/50 MP: 2/12
  3422 | D:3      | Gained mutation: You can survive without breathing. [Grey
                  | Draconian growth]
  3574 | D:3      | Found a bloodstained altar of Trog.
  3612 | D:3      | Reached skill level 7 in Conjurations
  3612 | D:3      | Noticed Robin
  3626 | D:2      | Killed Robin
  4352 | D:4      | Reached skill level 1 in Maces & Flails
  4591 | D:4      | Found a glowing silver altar of Zin.
  5187 | D:4      | Learned a level 4 spell: Force Lance
  5315 | D:5      | Entered Level 5 of the Dungeon
  5620 | D:5      | Noticed Menkaure
  5631 | D:5      | Killed Menkaure
  5631 | D:5      | Reached skill level 8 in Conjurations
  5631 | D:5      | Reached skill level 1 in Translocations
  5631 | D:5      | Reached XP level 8. HP: 57/57 MP: 0/14
  5993 | D:5      | Found a hide-covered altar of Uskayaw.
  6307 | D:6      | Found a runed translucent gate.
  6307 | D:6      | Found a runed translucent gate.
  6311 | D:6      | Noticed spacedv's ghost (novice DESk)
  6319 | D:6      | Found a runed translucent gate.
  6501 | D:6      | Noticed Pikel
  6583 | D:6      | Killed Pikel
  6583 | D:6      | Reached skill level 5 in Spellcasting
  6583 | D:6      | Reached skill level 9 in Conjurations
  6888 | D:6      | Found an ancient bone altar of Kikubaaqudgha.
  6889 | D:6      | Found an opulent altar of Gozag.
  6891 | D:6      | Found a hazy altar of Hepliaklqana.
  7253 | D:6      | Reached XP level 9. HP: 62/62 MP: 4/16
  8015 | D:7      | Found a staircase to the Ecumenical Temple.
  8062 | Temple   | Entered the Ecumenical Temple
  8213 | D:7      | Found Cerap's Assorted Antiques.
  8311 | D:7      | Learned a level 2 spell: Blink
  8492 | D:7      | Paralysed by a hornet for 1 turns
  8839 | D:7      | Noticed Joseph
  8870 | D:7      | Killed Joseph
  9125 | D:7      | Reached skill level 10 in Conjurations
  9449 | D:7      | Found a runed translucent door.
  9450 | D:7      | Noticed Crazy Yiuf
  9457 | D:7      | Killed Crazy Yiuf
  9547 | D:8      | Reached skill level 5 in Maces & Flails
  9901 | D:8      | Found a radiant altar of Vehumet.
  9905 | D:8      | Became a worshipper of Vehumet
 10202 | D:8      | Noticed a tengu conjurer
 10267 | D:8      | Noticed a tengu warrior
 10275 | D:8      | Killed a tengu conjurer
 10275 | D:8      | Reached skill level 5 in Translocations
 10275 | D:8      | Reached XP level 10. HP: 69/69 MP: 14/19
 10287 | D:8      | Killed a tengu warrior
 10809 | D:8      | Reached skill level 11 in Conjurations
 10918 | D:8      | Found a staircase to the Lair.
 11895 | D:8      | Found a shadowy altar of Dithmenos.
 11926 | D:8      | Noticed a two-headed ogre
 11937 | D:8      | Killed a two-headed ogre
 12324 | D:9      | Reached * piety under Vehumet
 12324 | D:9      | Offered knowledge of Freeze by Vehumet.
 12457 | D:9      | Noticed a two-headed ogre
 12472 | D:9      | Killed a two-headed ogre
 12768 | D:9      | Noticed a two-headed ogre
 12777 | D:9      | Killed a two-headed ogre
 12779 | D:9      | Found Lopuwolo's Weapon Shop.
 13178 | D:9      | Learned a level 3 spell: Conjure Flame
 13202 | D:9      | Reached XP level 11. HP: 73/74 MP: 17/21
 13422 | D:9      | Learned a level 1 spell: Apportation
 13503 | D:10     | Entered Level 10 of the Dungeon
 13527 | D:9      | Offered knowledge of Sting by Vehumet.
 13621 | D:9      | Reached ** piety under Vehumet
 13692 | D:10     | Got a fine crystal amulet
 13782 | D:10     | Found a staircase to the Orcish Mines.
 13809 | D:10     | Reached skill level 1 in Fighting
 13915 | D:10     | Reached skill level 12 in Conjurations
 14147 | Orc:1    | Entered Level 1 of the Orcish Mines
 14190 | Orc:1    | Noticed an orc sorcerer
 14205 | D:10     | Killed an orc sorcerer
 14378 | D:10     | Reached skill level 1 in Evocations
 14542 | D:11     | Identified the amulet of Relus {Spirit +Fly Stlth+} (You
                  | found it on level 10 of the Dungeon)
 14942 | D:11     | Offered knowledge of Ignite Poison by Vehumet.
 15601 | D:11     | Noticed a cyan ugly thing
 15620 | D:11     | Killed a cyan ugly thing
 15715 | D:11     | Reached *** piety under Vehumet
 16380 | Lair:1   | Entered Level 1 of the Lair of Beasts
 17310 | Lair:1   | Offered knowledge of Static Discharge by Vehumet.
 17404 | Lair:1   | Reached XP level 12. HP: 44/91 MP: 11/24
 17674 | Lair:1   | Reached skill level 1 in Fire Magic
 18747 | Lair:2   | Reached skill level 13 in Conjurations
 18930 | Lair:2   | Learned a level 6 spell: Bolt of Fire
 18953 | Lair:2   | Noticed a four-headed hydra
 18965 | Lair:2   | Killed a four-headed hydra
 19537 | Lair:2   | Reached **** piety under Vehumet
 19708 | Lair:2   | Offered knowledge of Inner Flame by Vehumet.
 19887 | Lair:2   | Reached skill level 5 in Fighting
 20401 | Lair:2   | Noticed a six-headed hydra
 20405 | Lair:2   | Killed a six-headed hydra
 21086 | Lair:3   | Noticed a five-headed hydra
 21101 | Lair:3   | Killed a five-headed hydra
 21513 | Lair:3   | Noticed a catoblepas
 21517 | Lair:3   | Killed a catoblepas
 21853 | Lair:4   | Noticed a five-headed hydra
 21861 | Lair:3   | Reached XP level 13. HP: 101/101 MP: 17/25
 22109 | Lair:4   | Found a staircase to the Swamp.
 22476 | Lair:4   | Reached skill level 5 in Fire Magic
 22476 | Lair:4   | Reached skill level 5 in Evocations
 24098 | Lair:4   | Found a staircase to the Snake Pit.
 24996 | Lair:5   | Found a staircase to the Slime Pits.
 25152 | Lair:5   | Noticed Kirke
 25462 | Lair:4   | Noticed a sphinx
 25520 | Lair:3   | HP: 4/102 [Kirke (15)]
 25520 | Lair:3   | Killed from afar by a lindwurm

Skill      XL: |  1  2  3  4  5  6  7  8  9 10 11 12 13 |
---------------+----------------------------------------+-----
Conjurations   | 5 6 8 9 10 11 12 13 | 13.9
Hexes          | 1 2 |  2.8
Spellcasting   | 3 4 5 6 7 8 9 |  9.4
Maces & Flails | 2 3 5 6 7 8 9 |  9.0
Translocations | 1 3 5 6 7 |  7.4
Fighting       | 3 5 6 |  6.1
Evocations     | 3 4 5 |  5.5
Dodging        | 3 4 |  4.4
Fire Magic     | 4 6 |  6.1
Stealth        | |  1.7

Action                   |  1- 3 |  4- 6 |  7- 9 | 10-12 | 13-15 || total
-------------------------+-------+-------+-------+-------+-------++-------
Melee: Hand axe          |    36 |     8 |       |       |       ||    44
       Tailslap          |     1 |     2 |     7 |     4 |     1 ||    15
       Whip              |       |       |   115 |    64 |    12 ||   191
       Unarmed           |       |       |       |       |     8 ||     8
Throw: Stone             |       |     2 |     6 |       |       ||     8
       Tomahawk          |       |       |     2 |       |       ||     2
 Cast: Magic Dart        |    76 |    34 |    46 |    49 |     7 ||   212
       Searing Ray       |     1 |    15 |    62 |   186 |    33 ||   297
       Dazzling Spray    |       |       |    21 |    20 |       ||    41
       Iskenderun's Myst |       |       |     4 |    18 |    64 ||    86
       Force Lance       |       |       |     1 |     3 |    10 ||    14
       Conjure Flame     |       |       |       |     4 |       ||     4
       Bolt of Fire      |       |       |       |    15 |    20 ||    35
       Blink             |       |       |       |       |     2 ||     2
Evoke: Wand              |       |       |     3 |     8 |     9 ||    20
  Use: Scroll            |     1 |     3 |    15 |    13 |     2 ||    34
       Potion            |       |       |     3 |     2 |     1 ||     6
 Stab: Invisible         |       |       |     1 |       |       ||     1
       Paralysed         |       |       |       |       |     3 ||     3
  Eat: Chunk             |     4 |     6 |    17 |    29 |    15 ||    71
       Ration            |       |       |     2 |     4 |     2 ||     8
Armor: Skin              |    13 |    12 |    84 |   229 |    62 ||   400
Dodge: Dodged            |    34 |     8 |   125 |   328 |    90 ||   585
